 Dungeon Crawl Stone Soup version 0.30-a0-509-gd016549fea (webtiles) character file.

Game seed: 12871189153673860322

279 Bnni the Vexing (level 6, -2/46 HPs)
             Began as a Formicid Hexslinger on Dec 22, 2022.
             Killed from afar by Ijyb (11 damage)
             ... with a bolt of acid
             ... on level 3 of the Dungeon.
             The game lasted 00:07:03 (2403 turns).

Bnni the Vexing (Formicid Hexslinger)               Turns: 2403, Time: 00:07:04

Health: -2/46      AC:  1    Str: 15    XL:     6   Next: 52%
Magic:  7/9        EV: 16    Int: 14    God:
Gold:   37         SH:  0    Dex: 14    Spells: 5/9 levels left

rFire   . . .      SeeInvis +    a - +1 sling
rCold   . . .      Faith    .    (no shield)
rNeg    . . .      Spirit   .    c - +0 robe
rPois   .          Reflect  .    (helmet unavailable)
rElec   .          Harm     .    (no cloak)
rCorr   .          Rampage  .    (no gloves)
Will    +....                    i - +2 pair of boots
Stlth   +.........               (no amulet)
HPRegen 0.27/turn                m - ring of willpower
MPRegen 0.11/turn                r - +4 ring of evasion

@: corroded
A: permanent stasis, dig shafts and tunnels, antennae 3, four strong arms
a: Dig, Shaft Self


You were on level 3 of the Dungeon.
You visited 1 branch of the dungeon, and saw 3 of its levels.

You collected 37 gold pieces.

Inventory:

Hand Weapons
 a - a +1 sling (weapon)
 t - a +0 short sword of protection
Missiles
 p - 4 poisoned darts
Armour
 c - a +0 robe (worn)
 i - a +2 pair of boots (worn)
Jewellery
 h - a ring of fire
 m - a ring of willpower (left hand)
 r - a +4 ring of evasion (right hand)
Scrolls
 b - a scroll of poison
 d - a scroll of enchant weapon {unknown}
 f - a scroll of magic mapping {unknown}
 g - a scroll of fear {unknown}
 j - a scroll of enchant armour {unknown}
 l - a scroll of identify {unknown}
 n - 2 scrolls of teleportation {unknown}
 o - a scroll of noise {unknown}
 q - a scroll of vulnerability {unknown}
Potions
 e - a potion of mutation {unknown}
 k - a potion of ambrosia {unknown}
 s - a potion of heal wounds {unknown}
 u - a potion of curing {unknown}


   Skills:
 + Level 2.4 Fighting
 * Level 3.7 Ranged Weapons
 - Level 1.7 Dodging
 + Level 2.2 Spellcasting
 + Level 4.3 Hexes
 * Level 1.6 Translocations
 * Level 2.7 Fire Magic


You had 5 spell levels left.
You knew the following spells:

 Your Spells              Type           Power      Damage    Failure   Level
a - Slow                  Hex            52%        N/A       3%          1
b - Inner Flame           Hex/Fire       11%        N/A       16%         3

Your spell library contained the following spells:

 Spells                   Type           Power      Damage    Failure   Level
 Portal Projectile        Hex/Tloc       18%        N/A       21%         3
 Momentum Strike          Conj/Tloc      6%         3d8       26%         2
 Lesser Beckoning         Tloc           12%        N/A       36%         3
 Cause Fear               Hex            6%         N/A       36%         4
 Blink                    Tloc           Unusable   N/A       N/A         2

Dungeon Overview and Level Annotations

Branches:
Dungeon (3/15)

Altars:

Shops:
D:1 =

Annotations:
D:3 Ijyb


Innate Abilities, Weirdness & Mutations

You cannot be hasted, slowed, berserked, paralysed or teleported.
You can dig through walls and to a lower floor.
You have a pair of large antennae on your head. (SInv)
Your four strong arms can wield two-handed weapons with a shield.


Message History

Ijyb is lightly wounded.
A frilled lizard comes into view.
Ijyb hits you with a +0 club.
You shoot a sling bullet. The sling bullet closely misses Ijyb.
You shoot a sling bullet. The sling bullet closely misses Ijyb.
The sling bullet misses the frilled lizard.
Ijyb hits you with a +0 club.
Your magical contamination has completely faded away.
You shoot a sling bullet. The sling bullet closely misses Ijyb.
The sling bullet hits the frilled lizard.
You kill the frilled lizard!
Ijyb hits you with a +0 club.
You shoot a sling bullet.
The sling bullet hits Ijyb but does no damage.
Ijyb zaps a wand.
The bolt of acid hits you! The acid corrodes you!
You shoot a sling bullet.
The sling bullet hits Ijyb but does no damage.
You shoot a sling bullet.
The sling bullet hits Ijyb but does no damage.
Ijyb closely misses you.
You shoot a sling bullet.
The sling bullet hits Ijyb but does no damage.
Ijyb is no longer moving slowly.
Ijyb zaps a wand.
The bolt of acid hits you!!
* * * LOW HITPOINT WARNING * * *
You are too injured to fight recklessly!
You are too injured to fight recklessly!
You are too injured to fight recklessly!
You are too injured to fight recklessly!
You are too injured to fight recklessly!
You are too injured to fight recklessly!
You are too injured to fight recklessly!
You are too injured to fight recklessly!
You are too injured to fight recklessly!
Unknown command.
Throw: 5 darts (poison)
Press: ? - help, Shift-Dir - straight line, f/p - Ijyb
Aim: Ijyb, wielding a +0 club, wearing a +0 chain mail and carrying a wand of acid (2) (59% to hit)
You throw a poisoned dart. The poisoned dart barely misses Ijyb.
Ijyb zaps a wand.
The bolt of acid hits you!
You die...

## ########## .. {
+...@g..(# #####
####.###.# ....#
#.# ....# #.#
....# #.#
....############.#
........#.....##.#
........#.###>##.#
........#.# #.##.#
{


You could see Ijyb.

Vanquished Creatures
  Sigmund (D:2)
  Terence (D:1)
  Robin (D:2)
  An adder (D:2)
  A worm (D:2)
  2 dart slugs
  2 endoplasms
  A giant cockroach (D:2)
  13 goblins
  6 hobgoblins
  8 jackals
  8 ball pythons
  3 bats
  6 frilled lizards
  6 kobolds
  7 rats
67 creatures vanquished.

Notes
Turn   | Place    | Note
-------+----------+-------------------------------------------
     0 | D:1      | Bnni the Formicid Hexslinger began the quest for the Orb.
     0 | D:1      | Reached XP level 1. HP: 15/15 MP: 2/2
    32 | D:1      | Found Higuocw's One-of-a-Kind Rings.
    48 | D:1      | Reached XP level 2. HP: 21/21 MP: 3/3
   133 | D:1      | Reached skill level 1 in Fire Magic
   228 | D:1      | Reached XP level 3. HP: 25/26 MP: 4/4
   702 | D:2      | Noticed Terence
   882 | D:1      | Killed Terence
   883 | D:1      | Reached XP level 4. HP: 31/33 MP: 4/6
  1042 | D:2      | Learned a level 3 spell: Inner Flame
  1077 | D:2      | Noticed Robin
  1126 | D:2      | HP: 1/31 [Robin/+0 club (5)]
  1135 | D:2      | Reached skill level 4 in Hexes
  1157 | D:2      | Killed Robin
  1362 | D:2      | Reached XP level 5. HP: 33/38 MP: 7/7
  1379 | D:2      | Noticed Sigmund
  2134 | D:2      | Killed Sigmund
  2135 | D:2      | Reached skill level 1 in Translocations
  2135 | D:2      | Reached XP level 6. HP: 38/46 MP: 3/9
  2210 | D:3      | Found a faded altar of an unknown god.
  2389 | D:3      | Noticed Ijyb
  2403 | D:3      | Killed from afar by Ijyb

Illustrated notes

Levels and vault maps discovered:
D:1:      roderic_crossed_star, layout_loops_cross, nicolae_shop_unique_rings,
          corexii_corridor_pit, chequers_mini_garden
D:2:      layout_rooms, uniq_robin, uniq_sigmund, uniq_terence
D:3:      layout_basic, nicolae_ecumenical_pavilion, st_stairs_13,
          dk_noncrumbling_3, uniq_ijyb

Skill      XL: |  1  2  3  4  5 |
---------------+----------------+-----
Fire Magic     | 1 2 |  2.7
Ranged Weapons | 3 |  3.7
Hexes          | 4 |  4.3
Fighting       | 2 |  2.4
Spellcasting   | 2 |  2.2
Translocations | 1 |  1.6
Dodging        | |  1.7

Action                   |  1- 3 |  4- 6 || total
-------------------------+-------+-------++-------
 Fire: Sling             |    89 |   133 ||   222
Throw: Dart              |       |     7 ||     7
 Cast: Slow              |    10 |    22 ||    32
 Abil: Dig               |       |     2 ||     2
  Use: Potion            |       |     1 ||     1
       Scroll            |       |     1 ||     1
Armor: Robe              |    13 |    33 ||    46
Dodge: Dodged            |    33 |    63 ||    96

Table legend: (Time is in decaauts)
 A = Elapsed time spent in this place.
 B = Non-inter-level travel time spent in this place.
 C = Inter-level travel time spent in this place.
 D = Time resting spent in this place.
 E = Time spent auto-exploring this place.
 F = Levels seen in this place.
 G = Mean time per level.
                   A        B        C        D        E       F      G
               +--------+--------+--------+--------+--------+-----+--------+
         Total |   2463 |   2078 |    385 |    267 |   1180 |   3 |  821.0 |
       Dungeon |   2463 |   2078 |    385 |    267 |   1180 |   3 |  821.0 |
               +--------+--------+--------+--------+--------+-----+--------+

Top non-repeatable levels by time:
     D:2: 1300 daAuts
     D:1: 1002 daAuts
     D:3: 160 daAuts
